Map: Heavy Artillery LE

Players

Massa

  • Race: Terran Terran
  • League: Platinum
  • Spawn Location: 1:00

qqq

  • Race: Protoss Protoss
  • Spawn Location: 3:00

ZergTheOne - Winner!

  • Race: Zerg Zerg
  • League: Diamond
  • Spawn Location: 7:00

AlexDT - Winner!

  • Race: Zerg Zerg
  • League: Diamond
  • Spawn Location: 7:00

VOD

Have the link to the VOD?

Description

Time

  • Played on: Oct. 28, 2020, 5:33 p.m.
  • Length: 27:30
Show
View Real Time Build Order
Export as new Build Order

Massa Terran 

Build Orders:  

Get SALT Encoding   

  12  0:00  SCV  
  13  0:12  SCV  
  14  0:23  Supply Depot  
  14  0:24  SCV  
  15  0:36  Refinery  
  15  0:45  SCV  
  15  0:46  Barracks  
  16  0:57  SCV  
  17  1:09  SCV  
  18  1:18  Supply Depot  
  18  1:21  SCV  
  19  1:33  SCV, Marine  
  21  1:41  Bunker  
  21  1:50  Factory  
  21  1:53  Marine  
  22  2:08  Orbital Command  
  22  2:20  Command Center  
  22  2:27  Bunker  
  22  2:28  Barracks Reactor  
  22  2:34  Factory Reactor  
  22  2:39  SCV  
  23  2:56  Starport  
  23  3:13  SCV, Barracks  
  23  3:17  Hellion  
  23  3:18  Hellion  
  28  3:21  Marine x2  
  28  3:25  SCV  
  31  3:37  SCV  
  31  3:38  Marine  
  31  3:40  Orbital Command  
  33  3:49  SCV, Hellion x2, Marine  
  39  3:56  Marine  
  40  4:04  Viking  
  42  4:11  Hellion x2  
  46  4:21  Supply Depot  
  46  4:24  Supply Depot  
  46  4:43  SCV x2  
  48  4:55  SCV x2  
  48  4:57  Engineering Bay  
  48  4:58  Medivac  
  52  5:07  SCV x2  
  52  5:23  Barracks Tech Lab  
  52  5:26  Widow Mine x2  
  52  5:27  Marine x2  
  58  5:28  Medivac  
  58  5:44  Marine  
  58  5:45  Marine  
  58  5:47  Widow Mine  
  62  5:57  Missile Turret  
  62  6:00  Missile Turret  
  62  6:08  Supply Depot x2  
  62  6:10  Barracks  
  62  6:11  Supply Depot  
  62  6:12  Refinery, Barracks x2  
  62  6:14  Command Center  
  62  6:24  Missile Turret  
  62  6:29  SCV x2, Marine x2  
  62  6:30  Widow Mine  
  68  6:34  Supply Depot  
  68  6:42  SCV x2  
  70  6:54  SCV  
  69  7:04  Marauder, Marine x2  
  69  7:07  Widow Mine x2  
  77  7:08  Stimpack  
  77  7:12  Refinery  
  77  7:15  Refinery, Barracks Tech Lab  
  77  7:22  Marine x2  
  79  7:25  Marauder  
  79  7:28  Widow Mine  
  79  7:29  Widow Mine  
  85  7:47  Marauder  
  85  7:50  Widow Mine  
  87  8:30  Command Center  
  87  8:33  Missile Turret  
  87  8:37  Widow Mine x2  
  89  8:43  Marauder x2  
  89  8:44  Barracks Tech Lab  
  89  8:45  Barracks Reactor, Marine  
  94  8:52  Starport  
  94  8:55  Starport Reactor  
  94  9:00  Combat Shield  
  94  9:35  Supply Depot  
  94  9:38  Orbital Command  
  94  9:39  Supply Depot  
  94  9:41  Widow Mine x2, Marauder x3, Marine x4  
  108  9:59  Marine x4  
  107  10:03  Marauder x3  
  106  10:17  Marine x4  
  106  10:24  Marauder x2, Marine  
  107  10:34  Marine  
  108  10:36  Armory  
  108  10:39  Engineering Bay  
  108  10:42  Terran Infantry Weapons Level 1  
  108  10:46  SCV, Marauder x2  
  108  10:47  SCV  
  114  10:53  Starport Tech Lab  
  114  10:57  Orbital Command  
  114  10:58  SCV  
  114  10:59  SCV  
  116  11:08  Barracks  
  116  11:11  SCV x2  
  117  11:13  Factory Tech Lab  
  118  11:23  SCV x2  
  120  11:35  SCV x2  
  122  11:56  Siege Tank  
  125  12:05  Marine x2  
  125  12:06  Marauder  
  125  12:07  Supply Depot x2  
  125  12:08  Supply Depot  
  125  12:09  Supply Depot  
  125  12:10  Supply Depot  
  125  12:28  SCV x2, Marine x4  
  125  12:29  SCV, Marauder x3, Marine, Siege Tank  
  142  12:31  Supply Depot  
  142  12:33  Supply Depot  
  142  12:36  Supply Depot  
  142  12:41  SCV x3  
  145  12:46  Marine x4  
  145  12:47  Command Center  
  145  12:50  Marauder  
  145  12:51  Marauder x2  
  155  12:52  Command Center  
  155  12:53  SCV x3  
  158  12:59  Armory  
  158  13:05  SCV  
  155  13:11  Marauder  
  155  13:12  Marauder  
  157  13:26  Siege Tank  
  160  13:38  Refinery  
  160  13:41  Refinery  
  156  13:58  Siege Tank  
  155  14:07  Medivac x3  
  161  14:11  Marauder x3, Marine  
  161  14:12  Marine x3  
  171  14:20  Concussive Shells  
  171  14:30  Siege Tank  
  174  14:32  SCV, Marauder  
  174  14:33  Marauder x2  
  174  14:34  SCV x2  
  174  14:37  Medivac x3  
  189  14:44  SCV  
  190  14:46  SCV x2  
  190  14:47  Terran Infantry Armor Level 1, Terran Infantry Weapons Level 2  
  190  14:49  Terran Vehicle And Ship Armor Level 1, Terran Vehicle Weapons Level 1  
  192  14:54  Marauder  
  192  14:56  SCV  
  192  14:58  SCV x2  
  197  15:08  SCV  
  197  15:10  SCV  
  194  15:18  Siege Tank  
  193  15:22  Missile Turret  
  193  15:23  Missile Turret x2  
  193  15:24  Missile Turret  
  193  15:26  Missile Turret  
  193  15:50  Siege Tank  
  196  16:00  Planetary Fortress  
  196  16:03  Refinery  
  196  16:04  Planetary Fortress  
  196  16:05  Refinery  
  196  16:21  Missile Turret x4  
  196  16:22  Missile Turret  
  180  16:43  Marauder x3  
  180  16:44  Marine x6  
  179  16:48  Thor  
  168  17:02  Marine x6  
  168  17:05  Marauder x3  
  180  17:18  Sensor Tower  
  180  17:19  Marine  
  180  17:20  Marine x5  
  186  17:26  Terran Infantry Armor Level 2, Terran Infantry Weapons Level 3, Marauder x3  
  186  17:28  Terran Vehicle And Ship Armor Level 2, Terran Vehicle Weapons Level 2  
  192  17:31  Medivac, Thor  
  200  17:37  Missile Turret  
  200  17:51  Factory  
  200  17:52  Factory x2  
  200  17:56  Ghost Academy  
  200  17:57  Missile Turret  
  200  17:58  Ghost Academy  
  200  18:00  Ghost Academy  
  198  18:20  Missile Turret  
  92  18:56  Marauder x3  
  92  18:58  Marine x2  
  92  18:59  Marine x4  
  92  19:01  Factory Tech Lab x3  
  91  19:03  Thor  
  97  19:16  Marine x6  
  99  19:17  Marauder x2  
  99  19:18  Marauder  
  99  19:21  Medivac x3  
  115  19:28  Refinery  
  115  19:29  Refinery  
  115  19:30  Personal Cloaking  
  115  19:31  Nuke, Enhanced Shockwaves  
  115  19:33  Marine  
  115  19:34  Marine  
  115  19:36  Smart Servos  
  115  19:37  Drilling Claws  
  117  19:38  Marauder  
  117  19:39  Marauder x2  
  117  19:40  Infernal Pre-Igniter  
  123  19:46  Thor  
  123  19:51  Medivac x3  
  137  20:00  Marauder x3  
  141  20:19  Marine x5  
  141  20:20  Liberator, Marine  
  141  20:21  Marauder x2, Liberator x2  
  155  20:22  Marauder  
  162  20:37  Marine x2  
  162  20:42  Ghost x3  
  156  20:49  Nuke  
  152  20:53  Terran Infantry Armor Level 3  
  152  20:56  Nuke  
  152  20:57  Terran Vehicle And Ship Armor Level 3, Terran Vehicle Weapons Level 3  
  150  21:03  Liberator x2  
  156  21:10  Ghost  
  156  21:11  Ghost, Supply Depot x2  
  158  21:13  Supply Depot x2  
  158  21:15  Supply Depot  
  115  21:37  Marauder  
  115  21:39  Marine x6  
  111  21:40  Marauder x2  
  112  21:56  Marine  
  112  21:57  Marine x5  
  112  21:58  Marauder  
  117  22:01  Marauder x2  
  108  22:14  Marine x3  
  111  22:20  Marauder  
  117  22:22  Marauder  
  117  22:23  Marauder  
  117  22:26  Liberator  
  117  22:27  Liberator x2  
  126  22:33  Nuke x2  
  126  22:41  Marauder  
  130  22:44  Marauder x2  
  126  23:02  Marauder  
  128  23:09  Liberator  
  131  23:15  Command Center  
  80  24:32  Planetary Fortress  
  54  24:42  Widow Mine  
  54  24:43  Widow Mine  
  54  24:44  Widow Mine  
  54  24:45  Widow Mine  
  62  24:48  Marauder, Marine x2  
  57  25:04  Widow Mine x2  
  57  25:06  Widow Mine x2  
  63  25:10  Marauder  
  57  25:21  Barracks  
  57  25:23  Marine  
  57  25:25  Widow Mine  
  57  25:26  Widow Mine  
  57  25:27  Widow Mine  
  57  25:28  Widow Mine  
  53  25:46  Widow Mine  
  53  25:49  Widow Mine x2  
  27  26:08  Widow Mine  
  27  26:11  Widow Mine  
  23  26:12  Barracks Tech Lab  
  23  26:13  SCV  
  20  26:18  Factory  
  20  26:25  SCV  
  15  26:29  Marine  
  14  26:37  SCV  
  13  26:47  Marine  
  13  26:49  SCV, Marauder  
  17  26:58  Orbital Command  
  17  27:00  Barracks  
  17  27:01  Factory Tech Lab, Barracks, SCV  
  17  27:05  Marine  
  17  27:14  SCV  
Show
View Real Time Build Order
Export as new Build Order

qqq Protoss 

Build Orders: Cannon Rush, Carriers 

Get SALT Encoding   

  12  0:03  Probe  
  13  0:15  Probe  
  13  0:19  Pylon  
  14  0:27  Probe  
  15  0:46  Pylon  
  15  0:50  Pylon  
  15  1:05  Pylon, Forge  
  15  1:20  Pylon  
  15  1:24  Probe  
  16  1:36  Probe  
  17  1:40  Photon Cannon  
  17  1:45  Photon Cannon  
  17  1:48  Probe  
  18  1:58  Photon Cannon  
  17  2:25  Gateway  
  16  2:34  Nexus  
  16  2:38  Probe  
  16  2:43  Assimilator  
  17  2:53  Probe  
  18  3:05  Probe  
  19  3:13  Pylon, Cybernetics Core  
  19  3:16  Pylon  
  19  3:17  Probe  
  20  3:23  Assimilator  
  20  3:29  Probe  
  21  3:41  Probe  
  22  3:53  Probe (Chrono Boost)  
  24  4:03  Probe (Chrono Boost)  
  24  4:05  Probe (Chrono Boost)  
  26  4:10  Probe (Chrono Boost)  
  26  4:11  Stargate  
  26  4:14  Probe (Chrono Boost)  
  26  4:15  Probe (Chrono Boost)  
  28  4:25  Probe  
  28  4:27  Probe  
  30  4:37  Probe, Stargate  
  31  4:39  Probe  
  32  4:49  Probe  
  32  4:51  Probe  
  34  4:56  Phoenix  
  36  5:01  Probe  
  36  5:03  Probe  
  38  5:13  Probe  
  39  5:15  Probe  
  40  5:21  Phoenix  
  40  5:25  Probe  
  43  5:30  Void Ray  
  43  5:31  Probe  
  43  5:35  Assimilator  
  44  5:38  Probe  
  44  5:39  Assimilator  
  49  5:43  Probe  
  51  5:58  Probe  
  51  6:10  Probe, Phoenix  
  54  6:18  Pylon  
  54  6:25  Nexus  
  54  6:27  Pylon  
  54  6:28  Pylon  
  54  6:30  Pylon, Void Ray  
  54  6:34  Pylon  
  54  6:36  Probe, Pylon  
  58  6:48  Probe  
  58  6:52  Void Ray  
  59  6:59  Photon Cannon  
  63  7:13  Phoenix  
  65  7:17  Pylon, Fleet Beacon  
  65  7:21  Pylon  
  65  7:23  Photon Cannon  
  65  7:25  Photon Cannon  
  65  7:27  Photon Cannon  
  65  7:29  Shield Battery  
  65  7:32  Shield Battery  
  65  7:34  Photon Cannon  
  65  7:35  Phoenix  
  67  7:38  Phoenix, Pylon  
  65  7:49  Probe  
  66  7:56  Stalker  
  66  7:58  Protoss Air Weapons Level 1  
  68  8:00  Phoenix  
  68  8:01  Probe  
  71  8:13  Probe  
  70  8:25  Probe  
  70  8:26  Stalker  
  71  8:33  Phoenix x2  
  73  8:36  Anion Pulse-Crystals  
  73  8:37  Probe  
  74  8:49  Probe (Chrono Boost)  
  75  8:56  Stalker  
  75  8:59  Probe (Chrono Boost)  
  84  9:03  Nexus  
  84  9:04  Probe (Chrono Boost), Assimilator  
  84  9:08  Assimilator  
  85  9:11  Photon Cannon  
  85  9:12  Photon Cannon  
  85  9:14  Twilight Council  
  85  9:15  Probe  
  82  9:18  Photon Cannon  
  82  9:20  Photon Cannon  
  76  9:36  Stargate  
  76  9:42  Pylon  
  76  9:44  Pylon  
  76  9:47  Pylon  
  76  9:51  Stargate  
  76  9:58  Dark Shrine  
  76  9:59  Templar Archives  
  76  10:02  Gateway  
  76  10:09  Gateway  
  76  10:11  Phoenix  
  78  10:23  Photon Cannon  
  78  10:34  Photon Cannon  
  78  10:36  Photon Cannon, Phoenix  
  78  10:39  Photon Cannon  
  78  10:40  Photon Cannon  
  78  10:42  Probe, Photon Cannon  
  81  10:44  Probe  
  81  10:45  Photon Cannon  
  81  10:48  High Templar  
  84  10:51  High Templar  
  84  10:54  Probe  
  84  10:57  Probe  
  88  11:01  Phoenix  
  90  11:06  Probe  
  90  11:09  Probe  
  92  11:15  Robotics Facility  
  92  11:18  Probe  
  93  11:21  Probe  
  94  11:27  High Templar  
  94  11:30  Probe, High Templar  
  99  11:33  Probe  
  100  11:42  Probe  
  100  11:45  Probe  
  102  11:51  Mothership  
  110  11:54  Probe  
  110  11:57  Probe  
  110  11:58  Archon  
  110  11:59  Dark Templar  
  114  12:01  Nexus  
  114  12:02  Pylon  
  114  12:05  Pylon  
  114  12:06  Probe, Pylon  
  114  12:07  Dark Templar  
  114  12:08  Pylon  
  117  12:09  Probe, Pylon, Dark Templar  
  117  12:11  Pylon  
  117  12:13  Pylon  
  117  12:15  Pylon  
  120  12:16  Pylon  
  120  12:19  Probe  
  121  12:25  Probe  
  122  12:31  Probe  
  122  12:32  Photon Cannon  
  122  12:34  Photon Cannon  
  122  12:37  Probe, Photon Cannon  
  123  12:38  Protoss Air Armor Level 1  
  123  12:39  Photon Cannon, Dark Templar  
  123  12:42  Shield Battery  
  123  12:43  Probe  
  127  12:45  Photon Cannon  
  127  12:46  High Templar, Assimilator  
  127  12:48  Assimilator, Dark Templar  
  127  12:49  Probe  
  127  12:50  Observer  
  133  12:55  Probe  
  134  13:01  Probe, Archon  
  135  13:07  Probe  
  135  13:11  Observer, Photon Cannon  
  137  13:13  Probe, Photon Cannon  
  137  13:16  Photon Cannon  
  137  13:18  Stalker  
  137  13:19  Probe, Photon Cannon  
  141  13:21  Photon Cannon  
  141  13:22  Shield Battery  
  141  13:25  Probe, High Templar  
  144  13:31  Probe  
  144  13:33  High Templar  
  146  13:48  High Templar  
  136  13:59  Carrier x2  
  144  14:11  High Templar  
  144  14:12  High Templar  
  148  14:23  Probe  
  149  14:26  Probe  
  150  14:35  Probe  
  151  14:39  Probe (Chrono Boost)  
  151  14:41  Photon Cannon  
  152  14:46  Photon Cannon  
  152  14:49  Photon Cannon  
  152  14:50  Photon Cannon  
  152  14:51  Probe (Chrono Boost)  
  153  14:53  Carrier  
  153  14:55  Photon Cannon, High Templar x3  
  153  14:58  Photon Cannon  
  153  14:59  Probe (Chrono Boost)  
  166  15:01  Photon Cannon  
  166  15:05  Probe  
  166  15:17  Probe  
  167  15:27  Archon  
  165  15:29  Archon  
  165  15:34  High Templar x3  
  171  15:48  Protoss Ground Weapons Level 1 (Chrono Boost)  
  171  16:01  Protoss Air Weapons Level 2 (Chrono Boost)  
  169  16:13  High Templar  
  169  16:14  High Templar x2  
  169  16:17  Void Ray  
  173  16:21  Tempest  
  173  16:22  Carrier  
  188  16:30  Archon x2  
  188  16:32  Archon  
  188  16:36  Immortal  
  192  16:52  Psionic Storm  
  192  17:00  Phoenix  
  194  17:04  Phoenix  
  200  17:15  Immortal  
  200  17:18  Assimilator  
  200  17:40  Protoss Ground Armor Level 1  
  200  18:10  Pylon  
  200  18:12  Pylon  
  200  18:15  Pylon  
  200  18:17  Pylon  
  200  18:19  Pylon  
  200  18:21  Pylon  
  200  18:25  Protoss Air Armor Level 2  
  200  18:34  Photon Cannon  
  200  18:37  Photon Cannon  
  200  18:38  Photon Cannon  
  200  18:40  Photon Cannon  
  200  18:42  Pylon  
  200  18:43  Pylon  
  200  18:46  Pylon  
  200  18:47  Photon Cannon  
  200  18:50  Photon Cannon  
  200  18:51  Shield Battery  
  200  18:53  Shield Battery  
  198  18:55  Shield Battery  
  198  18:57  Shield Battery  
  198  18:59  Photon Cannon  
  198  19:00  Photon Cannon  
  198  19:01  Photon Cannon  
  162  19:06  Archon  
  162  19:07  Archon  
  137  19:14  Immortal  
  141  19:26  Stalker  
  141  19:27  Stalker x2  
  147  19:40  Tempest  
  147  19:41  Carrier x2  
  162  19:48  Protoss Shields Level 1  
  162  19:53  Immortal  
  162  19:56  Stalker x2  
  162  19:57  Stalker  
  135  20:19  Robotics Facility  
  131  20:22  Robotics Facility  
  131  20:26  Charge, Adept x2  
  131  20:27  Adept  
  137  20:31  Carrier  
  137  20:33  Immortal  
  147  20:41  Photon Cannon x2  
  147  20:43  Photon Cannon  
  147  20:45  Carrier  
  147  20:47  Shield Battery x2  
  147  20:49  Shield Battery  
  153  20:51  Photon Cannon x2  
  153  20:52  Photon Cannon  
  153  20:54  Photon Cannon  
  153  20:56  Adept  
  139  21:12  Immortal x3  
  144  21:26  Carrier  
  144  21:28  High Templar, Dark Templar x2  
  164  21:57  Protoss Ground Weapons Level 2  
  141  22:07  Zealot x2, Dark Templar  
  81  22:16  Carrier x2  
  93  22:30  Carrier  
  93  22:34  Zealot x2  
  105  22:59  Robotics Facility  
  105  23:01  Stalker x2  
  109  23:20  Carrier  
  109  23:24  Nexus  
  109  23:27  Photon Cannon  
  115  23:31  Zealot x2  
  119  23:35  Carrier  
  119  23:38  Archon  
  118  23:58  Observer, Zealot  
  118  23:59  Zealot  
  93  24:25  Zealot  
  93  24:30  Protoss Ground Armor Level 2  
  87  24:40  Stalker  
  52  24:58  Void Ray  
  52  24:59  Stalker x2  
  55  25:10  Zealot  
  40  25:37  Zealot  
  34  26:04  Zealot  
  34  26:05  Zealot  
  34  26:06  Zealot  
  40  26:13  Probe  
  39  26:20  Assimilator  
  33  26:26  Probe  
  33  26:31  Zealot  
  24  26:33  Zealot x2  
  24  26:38  Probe  
  26  26:58  Zealot  
  26  27:00  Zealot  
Show
View Real Time Build Order
Export as new Build Order

ZergTheOne Zerg - Winner!

Build Orders: Pool First 

Get SALT Encoding   

  12  0:03  Drone  
  13  0:12  Overlord  
  13  0:16  Drone  
  14  0:31  Drone  
  14  0:32  Drone  
  16  1:03  Drone  
  16  1:04  Drone x2  
  19  1:07  Spawning Pool  
  18  1:28  Drone x2  
  18  1:29  Hatchery  
  19  1:46  Drone  
  20  2:02  Zergling x2  
  20  2:03  Zergling x2  
  21  2:30  Drone  
  21  2:32  Extractor  
  21  2:35  Extractor, Queen  
  22  2:40  Spore Crawler  
  22  2:43  Drone  
  22  2:44  Queen  
  24  2:54  Drone x2  
  26  3:05  Drone x2  
  28  3:20  Overlord x2  
  28  3:31  Lair  
  28  3:44  Zergling x6, Baneling Nest  
  28  3:46  Metabolic Boost  
  30  3:50  Drone x3  
  30  3:53  Spore Crawler  
  30  3:55  Drone x3  
  35  3:58  Zergling x4  
  35  3:59  Zergling x2  
  38  4:18  Drone x2  
  38  4:20  Queen  
  42  4:25  Drone x2, Overlord  
  42  4:31  Centrifical Hooks  
  44  4:33  Baneling  
  44  4:34  Baneling  
  44  4:35  Baneling  
  44  4:54  Drone x3  
  44  4:55  Drone x2  
  42  5:23  Hatchery  
  42  5:27  Spire  
  40  5:34  Drone x3  
  40  5:35  Drone  
  44  5:39  Extractor, Overlord x2  
  44  5:40  Extractor  
  42  5:43  Queen  
  44  5:56  Queen  
  44  5:58  Drone  
  44  5:59  Drone x2  
  44  6:04  Overseer  
  49  6:06  Drone x3  
  49  6:07  Drone  
  53  6:13  Drone  
  53  6:14  Drone x3  
  57  6:38  Corruptor  
  57  6:39  Corruptor x3  
  65  6:42  Overlord x3  
  65  6:43  Overlord  
  65  7:00  Queen x2  
  69  7:07  Drone x3  
  72  7:26  Drone, Spine Crawler  
  72  7:27  Drone x3, Spore Crawler  
  72  7:28  Drone  
  72  7:29  Drone x5  
  80  7:30  Drone  
  80  7:31  Drone x5  
  86  7:41  Hatchery  
  85  8:08  Extractor  
  85  8:10  Extractor  
  85  8:11  Roach Warren  
  82  8:13  Hydralisk Den  
  82  8:18  Drone x3  
  82  8:19  Evolution Chamber  
  83  8:20  Evolution Chamber  
  83  8:24  Overlord x2  
  83  8:25  Overlord x2  
  82  8:32  Hatchery  
  81  8:41  Drone x2  
  81  8:46  Drone x6  
  81  8:47  Drone x4  
  93  8:49  Drone  
  93  8:50  Drone x5  
  93  8:52  Drone  
  100  9:15  Grooved Spines  
  100  9:16  Glial Reconstitution  
  100  9:17  Zerg Missile Weapons Level 1  
  100  9:18  Zerg Ground Armor Level 1  
  100  9:19  Roach x3  
  100  9:22  Roach  
  100  9:23  Roach x3  
  114  9:37  Extractor  
  113  9:40  Extractor  
  113  9:43  Hydralisk x3, Spore Crawler  
  113  9:44  Hydralisk, Spore Crawler  
  118  9:51  Infestation Pit  
  108  10:00  Hydralisk x4  
  108  10:01  Hydralisk x3  
  122  10:15  Spine Crawler  
  122  10:18  Spine Crawler  
  122  10:20  Spore Crawler  
  119  10:27  Muscular Augments  
  119  10:31  Hive  
  119  10:44  Zergling x4  
  119  10:45  Zergling x8, Corruptor  
  119  10:46  Corruptor x5  
  119  10:49  Pneumatized Carapace  
  137  10:50  Overseer x2  
  137  10:51  Overseer  
  137  10:52  Tunneling Claws  
  137  10:57  Burrow  
  137  11:20  Zerg Ground Armor Level 2  
  137  11:27  Zergling x2  
  137  11:28  Zergling x10, Evolution Chamber  
  137  11:29  Overlord x2  
  137  11:30  Overlord x5  
  142  11:40  Baneling  
  142  11:41  Baneling x11  
  142  12:13  Hydralisk x4  
  142  12:14  Hydralisk x3  
  142  12:15  Hydralisk x3  
  156  12:16  Roach x2  
  156  12:17  Roach x6  
  156  12:18  Overlord x2, Roach x2  
  182  12:24  Ultralisk Cavern  
  182  12:26  Zerg Melee Weapons Level 1, Zerg Missile Weapons Level 2  
  182  12:28  Adrenal Glands  
  181  12:33  Spine Crawler  
  181  12:36  Spore Crawler  
  179  12:43  Spine Crawler  
  178  12:45  Spine Crawler  
  178  12:47  Spore Crawler  
  178  12:50  Drone  
  178  12:51  Drone x8  
  185  13:06  Hatchery  
  185  13:11  Drone  
  185  13:12  Drone x2  
  187  13:35  Chitinous Plating  
  187  13:39  Zerg Ground Armor Level 3  
  187  13:41  Extractor  
  186  13:42  Extractor  
  186  13:43  Ultralisk x2  
  186  13:44  Overlord x2  
  193  14:24  Drone  
  193  14:26  Ultralisk  
  193  14:27  Overlord x4  
  199  14:32  Zerg Flyer Armor Level 1  
  199  14:34  Zerg Melee Weapons Level 2  
  199  14:53  Spore Crawler  
  199  14:54  Anabolic Synthesis  
  199  14:55  Spore Crawler  
  197  15:01  Spine Crawler  
  197  15:03  Drone  
  197  15:04  Drone x2  
  197  15:05  Spine Crawler  
  198  15:07  Spore Crawler  
  198  15:11  Spore Crawler  
  196  15:28  Drone x3  
  199  16:00  Spore Crawler  
  199  16:02  Spore Crawler  
  199  16:03  Drone, Spore Crawler  
  199  16:04  Drone x2  
  194  16:18  Drone  
  195  16:26  Zerg Flyer Weapons Level 1  
  189  17:03  Ultralisk  
  189  17:06  Drone x2  
  189  17:07  Drone x3  
  200  17:21  Spine Crawler  
  199  17:23  Spore Crawler  
  199  17:25  Spine Crawler  
  199  17:27  Spine Crawler  
  199  17:28  Drone x3  
  199  17:31  Spore Crawler  
  198  17:37  Hatchery  
  198  17:42  Extractor  
  198  17:43  Extractor  
  195  17:56  Spore Crawler  
  194  18:04  Spine Crawler  
  193  18:06  Spine Crawler  
  190  18:19  Overlord x2  
  188  18:20  Overlord  
  188  18:23  Zerg Flyer Weapons Level 2  
  75  19:10  Ultralisk x3  
  75  19:11  Ultralisk x5  
  75  19:12  Ultralisk x7  
  75  19:13  Ultralisk x4  
  75  19:14  Ultralisk  
  193  19:40  Zergling x2  
  193  19:41  Zergling x2  
  193  19:43  Zerg Melee Weapons Level 3  
  176  20:26  Ultralisk x4  
  191  21:15  Overseer x4  
  191  21:17  Ultralisk  
  141  22:02  Ultralisk x5  
  141  22:03  Ultralisk x2  
  183  22:45  Drone  
  183  22:46  Drone x7  
  183  22:51  Drone x3  
  194  23:00  Ultralisk  
  103  24:38  Corruptor  
  103  24:39  Corruptor x2  
  103  24:44  Corruptor  
  103  24:45  Corruptor x2  
  115  24:46  Corruptor x3  
  115  24:48  Corruptor  
  115  24:49  Corruptor x4  
  119  25:06  Ultralisk x6  
  113  25:21  Hatchery  
  94  25:53  Corruptor x3  
  94  25:55  Corruptor x3  
  88  25:57  Corruptor x2  
  88  25:58  Corruptor  
  88  26:02  Drone  
  89  26:05  Drone x2  
  89  26:06  Drone  
  79  26:54  Drone x2  
  79  26:55  Drone  
Show
View Real Time Build Order
Export as new Build Order

AlexDT Zerg - Winner!

Build Orders: Pool First 

Get SALT Encoding   

  12  0:00  Drone  
  13  0:09  Drone  
  14  0:17  Overlord  
  14  0:35  Drone x3  
  17  0:39  Extractor  
  16  0:49  Spawning Pool  
  15  0:51  Drone  
  16  1:14  Drone x2  
  18  1:36  Zergling x4  
  20  1:43  Queen  
  22  1:55  Hatchery  
  21  2:35  Metabolic Boost  
  21  2:37  Overlord  
  21  2:39  Lair, Overlord  
  21  2:58  Hatchery  
  20  3:08  Drone x4  
  20  3:09  Drone  
  20  3:11  Extractor  
  24  3:15  Drone  
  24  3:17  Drone  
  26  3:27  Drone x2  
  26  3:33  Drone  
  29  3:40  Queen  
  31  3:42  Drone  
  32  3:54  Spire  
  31  3:58  Spore Crawler  
  31  4:02  Drone  
  31  4:03  Drone  
  31  4:05  Drone  
  31  4:08  Drone  
  34  4:11  Drone  
  34  4:15  Drone  
  36  4:23  Queen  
  38  4:24  Drone  
  39  4:39  Drone x2  
  42  4:45  Drone  
  42  4:48  Overlord x2  
  42  4:49  Overlord x2  
  42  5:07  Hatchery  
  41  5:28  Spine Crawler  
  40  5:31  Spine Crawler  
  32  5:48  Corruptor x6  
  44  5:56  Zerg Flyer Weapons Level 1  
  44  6:07  Drone  
  44  6:08  Drone x5  
  44  6:10  Extractor  
  44  6:11  Drone  
  50  6:12  Extractor  
  49  6:41  Corruptor  
  49  6:42  Corruptor  
  49  6:45  Drone  
  49  6:46  Drone x6  
  56  7:07  Corruptor x2  
  59  7:13  Zergling x6  
  61  7:19  Drone x3  
  64  7:24  Drone x2  
  63  7:57  Corruptor x4  
  67  8:30  Corruptor x3  
  71  8:36  Drone  
  71  8:38  Overlord  
  71  8:39  Overlord x4  
  72  9:04  Corruptor  
  72  9:05  Corruptor x2  
  74  9:36  Drone  
  74  9:37  Drone x11  
  86  9:41  Extractor  
  86  9:42  Extractor  
  84  9:47  Spire, Infestation Pit  
  84  9:52  Evolution Chamber  
  81  9:53  Zergling x2  
  81  9:54  Zergling x6, Evolution Chamber  
  81  9:56  Zerg Flyer Weapons Level 2  
  67  10:26  Zergling x2  
  67  10:27  Zergling x12  
  74  10:28  Zergling x4  
  74  10:29  Zergling x2  
  77  10:40  Zergling x14  
  84  10:51  Drone x4  
  84  10:52  Drone x2, Queen  
  92  11:02  Drone x2  
  92  11:03  Drone x2  
  96  11:08  Hatchery, Zerg Melee Weapons Level 1, Zerg Ground Armor Level 1  
  96  11:11  Zerg Flyer Armor Level 1  
  95  11:18  Overseer x3  
  95  11:25  Corruptor x3  
  97  11:28  Pneumatized Carapace  
  94  11:49  Zergling x6  
  94  11:50  Zergling x12  
  94  11:51  Zergling x6  
  101  12:19  Corruptor x3  
  101  12:20  Corruptor x2  
  101  12:21  Zergling x2  
  112  12:28  Baneling Nest  
  111  12:30  Hive  
  103  13:12  Zergling x6  
  106  13:13  Zergling x6, Corruptor  
  106  13:14  Overlord x3  
  106  13:15  Overlord x3  
  106  13:18  Zerg Ground Armor Level 2, Zerg Melee Weapons Level 2  
  110  13:39  Zergling x2  
  67  14:05  Corruptor  
  67  14:06  Corruptor x3  
  67  14:07  Zergling x4  
  67  14:08  Zergling x18  
  84  14:12  Centrifical Hooks  
  84  14:15  Zerg Flyer Weapons Level 3  
  84  14:17  Zerg Flyer Armor Level 2  
  84  14:19  Adrenal Glands  
  84  14:20  Zergling x6  
  87  14:31  Baneling  
  87  14:32  Baneling x7  
  87  14:33  Baneling x9  
  87  14:34  Baneling x3  
  87  14:35  Overseer x2  
  87  14:36  Overseer x3  
  87  14:38  Drone  
  87  14:39  Drone  
  89  14:48  Drone x2  
  89  14:49  Drone x4  
  89  14:50  Drone  
  96  14:53  Drone x2  
  94  15:43  Zergling x4  
  94  15:44  Zergling x8, Corruptor x7  
  94  15:45  Corruptor  
  114  15:52  Zergling x8  
  114  15:53  Zergling x2  
  114  15:55  Zergling x4  
  114  15:56  Zergling x12  
  114  15:57  Zergling x12  
  126  16:05  Extractor, Zergling x8  
  126  16:06  Overlord x2  
  126  16:07  Extractor  
  126  16:11  Zerg Melee Weapons Level 3  
  128  16:20  Drone x6  
  128  16:21  Drone  
  105  16:44  Zergling x6  
  105  16:45  Zergling x16  
  105  16:46  Zergling x4  
  113  16:59  Zergling x2  
  113  17:00  Zergling x2, Corruptor x4  
  113  17:01  Corruptor  
  123  17:10  Viper  
  123  17:11  Viper  
  123  17:12  Viper x2  
  135  17:30  Overseer x2  
  121  17:48  Hatchery  
  119  17:56  Queen  
  121  17:58  Queen  
  121  18:00  Drone x5  
  121  18:01  Drone  
  129  18:06  Drone x3  
  129  18:07  Drone x8  
  129  18:08  Drone  
  141  18:42  Spore Crawler x2  
  141  18:43  Spore Crawler x2  
  125  19:12  Zergling x2  
  125  19:13  Zergling x42  
  125  19:14  Zergling x6  
  125  19:15  Overlord  
  125  19:16  Overlord x2  
  143  19:33  Baneling x6  
  143  19:34  Baneling  
  143  19:35  Baneling x5  
  143  19:36  Baneling x3  
  127  19:52  Zergling x10  
  131  19:53  Zergling x14  
  136  20:11  Corruptor  
  136  20:12  Corruptor x6  
  136  20:13  Corruptor x6  
  157  20:18  Drone x3  
  160  20:34  Extractor  
  150  20:40  Hatchery  
  145  21:00  Extractor  
  143  21:10  Greater Spire  
  143  21:12  Zerg Flyer Armor Level 3  
  143  21:19  Zergling x4  
  143  21:20  Zergling x14  
  143  21:21  Zergling x8  
  146  21:36  Zergling x8  
  150  21:51  Zergling x4  
  150  21:52  Zergling x10  
  101  22:16  Drone  
  101  22:17  Drone x7  
  108  22:29  Zergling x6  
  110  22:30  Zergling x2  
  110  22:34  Brood Lord x2  
  110  22:35  Brood Lord x4  
  110  22:36  Brood Lord x3  
  128  22:39  Zergling x4  
  130  22:49  Drone x2  
  132  23:26  Zergling x4  
  132  23:27  Zergling x16  
  136  23:28  Zergling x2  
  135  23:58  Zergling x2  
  135  23:59  Zergling x14  
  135  24:00  Zergling x8  
  147  24:04  Extractor  
  146  24:17  Hatchery  
  146  24:20  Zergling x12  
  146  24:21  Zergling x4  
  135  24:47  Corruptor  
  135  24:48  Zergling x10, Corruptor x2  
  133  26:08  Overseer  
  133  26:10  Zergling x8  
  133  26:11  Zergling x8  
  141  26:31  Zergling x8  
  141  26:32  Zergling x10  
  150  26:34  Overlord x4  
  150  26:35  Overlord x4  
  150  26:46  Hatchery  
  143  27:16  Spore Crawler  
  143  27:19  Spore Crawler  
Tags
 
Add a new tag
Caveats
  • Supply blocks, unpowered buildings, or Contaminate may cause inaccurate times.
  • Supply counts are checked every 10 seconds.